 Dungeon Crawl Stone Soup version 0.27.0-1-g7a089689b8 (webtiles) character file.

Game seed: 14998293352406461078

15418 bande the Cleaver (level 12, -1/74 HPs)
             Began as a Gargoyle Fighter on Aug 2, 2021.
             Was a High Priest of Okawaru.
             Slain by a four-headed hydra (8 damage)
             ... on level 4 of the Lair of Beasts.
             The game lasted 00:28:33 (12584 turns).

bande the Cleaver (Gargoyle Fighter)               Turns: 12584, Time: 00:28:35

Health: -1/74      AC: 29    Str: 27    XL:     12   Next: 26%
Magic:  16/16      EV:  8    Int:  8    God:    Okawaru [*****.]
Gold:   412        SH: 19    Dex: 16    Spells: 11/11 levels left

rFire    . . .     SeeInvis .   a - +1 war axe (flame)
rCold    . . .     Faith    .   c - +1 kite shield
rNeg     + + .     Spirit   .   E - +0 plate armour
rPois    ∞         Reflect  +   d - +0 helmet
rElec    +         Harm     .   (no cloak)
rCorr    .         Rampage  .   F - +0 pair of gloves
Will     +....                  q - +3 pair of boots of the Stag {rN+ Str+2 Stlth+}
Stlth    ..........             n - amulet of reflection
HPRegen  0.22/turn              y - ring of willpower
MPRegen  0.15/turn              e - +6 ring of dexterity

@: no status effects
A: sickness immunity, AC +8, negative energy resistance 1, electricity
resistance, torment resistance 1, petrification resistance
a: Renounce Religion, Heroism, Finesse


You were on level 4 of the Lair of Beasts.
You worshipped Okawaru.
Okawaru was extremely pleased with you.
You visited 2 branches of the dungeon, and saw 12 of its levels.

You collected 581 gold pieces.
You spent 169 gold pieces at shops.

Inventory:

Hand Weapons
 a - a +1 war axe of flaming (weapon)
 j - a +2 war axe of flaming
 G - a +3 war axe
Missiles
 J - a throwing net (quivered)
Armour
 c - a +1 kite shield (worn)
 d - a +0 helmet (worn)
 l - a +0 hat
 o - a +0 pair of boots of rampaging
 q - the +3 pair of boots of the Stag (worn) {rN+ Str+2 Stlth+}
   (You found it on level 7 of the Dungeon)

   Str:       It affects your strength (+2).
   rN:        It protects you from negative energy.
   Stlth:     It makes you more stealthy.
 E - a +0 plate armour (worn)
 F - a +0 pair of gloves (worn)
Jewellery
 e - a +6 ring of dexterity (right hand)
 k - a ring of positive energy
 n - an amulet of reflection (around neck)
 p - a ring of flight
 x - a ring of protection from cold
 y - a ring of willpower (left hand)
 D - a +6 ring of dexterity
 H - a +6 ring of dexterity
Wands
 v - a wand of polymorph (11)
 w - a wand of acid (15)
 A - a wand of paralysis (5)
Scrolls
 b - a scroll of amnesia
 r - a scroll of fear
 s - 4 scrolls of enchant armour
 t - a scroll of silence
 u - 9 scrolls of identify
 B - a scroll of teleportation
 C - 2 scrolls of blinking
Potions
 f - a potion of flight
 g - a potion of heal wounds
 h - 4 potions of brilliance
 i - 3 potions of invisibility
 m - 4 potions of curing
 z - a potion of magic
 I - a potion of resistance


   Skills:
 + Level 8.2 Fighting
 + Level 10.6 Axes
 + Level 8.2 Armour
 - Level 3.1 Dodging
 + Level 10.5 Shields
 * Level 6.1 Invocations
 * Level 5.0 Evocations


You had 11 spell levels left.
You didn't know any spells.
Your spell library contained the following spells:

 Spells                   Type           Power      Damage    Failure   Level
 Beastly Appendage        Tmut           0%         N/A       100%        1
 Pain                     Necr           0%         1d4       100%        1
 Static Discharge         Conj/Air       0%         N/A       100%        2
 Wereblood                Tmut           0%         N/A       100%        2
 Call Canine Familiar     Summ           0%         N/A       100%        3
 Dazzling Flash           Conj/Hex       0%         N/A       100%        3
 Portal Projectile        Hex/Tloc       0%         N/A       100%        3
 Spider Form              Tmut/Pois      0%         N/A       100%        3
 Leda's Liquefaction      Hex/Erth       0%         N/A       100%        4
 Agony                    Necr           0%         N/A       100%        5
 Bolt of Magma            Conj/Fire/Erth 0%         4d4       100%        5
 Excruciating Wounds      Necr           0%         N/A       100%        5
 Fireball                 Conj/Fire      0%         3d3       100%        5
 Lightning Bolt           Conj/Air       0%         1d11      100%        5
 Silence                  Hex/Air        0%         N/A       100%        5
 Starburst                Conj/Fire      0%         8x6d3     100%        6
 Ignition                 Fire           0%         3d3       100%        8
 Maxwell's Capacitive Co  Air            0%         ∞         100%        8
 Statue Form              Tmut/Erth      Unusable   N/A       N/A         6

Dungeon Overview and Level Annotations

Branches:
Dungeon (8/15)             Temple (0/1) D:7            Lair (4/6) D:8
  Snake (0/4) Lair:2
  Swamp: Lair:2-4    Shoals: Lair:2-4

Altars:
Okawaru
Uskayaw
Wu Jian

Shops:
D:1 :   D:3 !   D:5 (   D:8 ?


Innate Abilities, Weirdness & Mutations

You are immune to sickness and miasma.
Your stone body is resilient. (AC +8)
You are immune to poison.
You resist negative energy. (rN+)
You are resistant to electric shocks. (rElec)
You are resistant to unholy torment.
You are immune to petrification.


Message History

You block the five-headed hydra's attack. x2
The five-headed hydra bites you.
You block the five-headed hydra's attack.
The five-headed hydra bites you but does no damage.
You completely miss the five-headed hydra.
The five-headed hydra is severely wounded.
You block the five-headed hydra's attack. x2
The five-headed hydra bites you!
* * * LOW HITPOINT WARNING * * *
You block the five-headed hydra's attack.
The five-headed hydra bites you but does no damage.
You hack one of the five-headed hydra's heads off!
The flame cauterises the wound!
You slash the four-headed hydra! You burn the four-headed hydra.
The four-headed hydra is almost dead.
You block the four-headed hydra's attack.
The four-headed hydra bites you.
* * * LOW HITPOINT WARNING * * *
The four-headed hydra bites you but does no damage.
The four-headed hydra barely misses you.
Unknown command.
You hit the four-headed hydra. You burn the four-headed hydra.
The four-headed hydra is almost dead.
You hit the death yak. You burn the death yak.
You block the death yak's attack.
The four-headed hydra bites you but does no damage. x2
The four-headed hydra barely misses you.
The four-headed hydra bites you but does no damage.
A death yak comes into view.
The death yak gores you.
* * * LOW HITPOINT WARNING * * *
Found a fustibalus.
Found an escape hatch in the floor.
The four-headed hydra bites you.
* * * LOW HITPOINT WARNING * * *
The four-headed hydra bites you!
* * * LOW HITPOINT WARNING * * *
You block the four-headed hydra's attack.
The four-headed hydra bites you!
You die...

..#....#.#....#≈......#
#.....YY...........
#...#.##..........#
##..###..........
#Y#.##.Y.###..# #
##Y.####Y###.#.##.#
##..## #............
#.##.#D# ###.###.#(##..
#.....@# #....####.#
#.##...####...###..##
#..>................#
###...<####....##P###
#..#).# #..#.####
###.... #..### #..#
##.# ><.. ..# P..


You could see 2 death yaks and a four-headed hydra.

Vanquished Creatures
  A hydra (Lair:2)
  A boulder beetle (Lair:2)
  Pikel (D:5)
  9 cane toads
  A rime drake (Lair:2)
  5 komodo dragons
  A queen bee (D:7)
  5 blink frogs (Lair:4)
  17 yaks
  Eustachio (D:5)
  3 wyverns
  4 nagas (Lair:2)
  10 water moccasins
  A black bear (D:6)
  3 ice beasts
  An orc warrior (D:8)
  A hornet zombie (D:5)
  2 necrophages
  5 ogres
  4 wolves (Lair:2)
  3 centaurs
  A phantom (D:5)
  A kobold brigand (D:8)
  2 lemures (D:5)
  Blork the orc (D:5)
  A wyvern zombie (D:7)
  A scorpion (D:7)
  3 bullfrogs
  A water moccasin zombie (D:6)
  A water moccasin skeleton (D:5)
  8 killer bees
  3 wights (D:7)
  A howler monkey (D:5)
  An electric eel (D:7)
  A centaur zombie (D:7)
  A jelly (D:4)
  5 hounds
  3 orc priests
  2 gnoll shamans
  4 iguanas
  2 bullfrog skeletons
  5 orc wizards
  2 hound skeletons
  Robin (D:3)
  5 gnolls (D:8)
  6 adders
  2 river rats (D:3)
  An ufetubus (D:4)
  An adder skeleton (D:4)
  17 orcs
  9 endoplasms
  A giant cockroach (D:1)
  11 goblins
  17 hobgoblins
  5 jackals
  13 kobolds
  8 quokkas
  6 ball pythons
  3 bats
  3 frilled lizards
  8 rats
246 creatures vanquished.

Vanquished Creatures (others)
  21 fungi
  29 plants
50 creatures vanquished.

Grand Total: 296 creatures vanquished

Notes
Turn   | Place    | Note
-------+----------+-------------------------------------------
     0 | D:1      | bande the Gargoyle Fighter began the quest for the Orb.
     0 | D:1      | Reached XP level 1. HP: 14/14 MP: 1/1
   197 | D:1      | Reached XP level 2. HP: 19/19 MP: 2/2
   405 | D:1      | Reached XP level 3. HP: 23/23 MP: 3/3
   802 | D:1      | Found Ipuegeew's Book Emporium.
  1359 | D:2      | Reached XP level 4. HP: 24/28 MP: 4/4
  1517 | D:3      | Found Guwigy's Distillery.
  1541 | D:3      | Noticed Robin
  1561 | D:3      | Reached XP level 5. HP: 12/32 MP: 5/5
  1563 | D:3      | Killed Robin
  2566 | D:3      | Reached skill level 1 in Dodging
  2858 | D:4      | Noticed an ogre
  2866 | D:4      | Killed an ogre
  2867 | D:4      | Reached XP level 6. HP: 18/38 MP: 6/6
  3105 | D:4      | Reached skill level 5 in Armour
  3455 | D:5      | Entered Level 5 of the Dungeon
  3456 | D:5      | Identified a scroll of acquirement
  3456 | D:5      | Acquired a +0 pair of boots of rampaging
  3485 | D:5      | Reached XP level 7. HP: 43/43 MP: 7/7
  3559 | D:5      | Noticed Blork the orc
  3568 | D:5      | Killed Blork the orc
  3587 | D:5      | Reached skill level 5 in Shields
  3590 | D:5      | Found Diskaqe's Antique Weapon Boutique.
  3693 | D:5      | Noticed Eustachio
  3708 | D:5      | Killed Eustachio
  3715 | D:5      | Reached skill level 5 in Axes
  3977 | D:5      | Bought a runed war axe for 169 gold pieces
  4089 | D:5      | Reached XP level 8. HP: 39/48 MP: 8/8
  4122 | D:4      | Reached skill level 5 in Fighting
  4592 | D:5      | Noticed Pikel
  4605 | D:5      | Killed Pikel
  4606 | D:5      | Reached XP level 9. HP: 38/55 MP: 9/9
  4753 | D:5      | Found an iron altar of Okawaru.
  4760 | D:5      | Became a worshipper of Warmaster Okawaru
  5928 | D:7      | Identified the +3 pair of boots of the Stag {rN+ Str+2
                  | Stlth+}
  5955 | D:7      | Reached * piety under Okawaru
  5963 | D:7      | Found a staircase to the Ecumenical Temple.
  6358 | D:7      | Reached XP level 10. HP: 50/61 MP: 10/10
  6683 | D:8      | Found Otiots's Magic Scroll Shop.
  6790 | D:8      | Reached skill level 1 in Invocations
  6791 | D:8      | Reached ** piety under Okawaru
  6885 | D:8      | Found a staircase to the Lair.
  7038 | D:7      | Reached skill level 1 in Evocations
  8075 | Lair:1   | Entered Level 1 of the Lair of Beasts
  8439 | Lair:1   | Noticed a cane toad
  8447 | Lair:1   | Killed a cane toad
  8688 | Lair:1   | Reached *** piety under Okawaru
  8906 | Lair:2   | Noticed a cane toad
  8953 | Lair:1   | Killed a cane toad
  9054 | Lair:2   | Reached **** piety under Okawaru
  9061 | Lair:2   | Reached XP level 11. HP: 67/67 MP: 13/13
  9423 | Lair:2   | Found a hide-covered altar of Uskayaw.
  9423 | Lair:2   | Noticed a boulder beetle
  9426 | Lair:2   | Found an ornate altar of the Wu Jian Council.
  9489 | Lair:2   | Killed a boulder beetle
  9925 | Lair:2   | Noticed a five-headed hydra
  9936 | Lair:2   | Killed a one-headed hydra
  9936 | Lair:2   | Reached ***** piety under Okawaru
 10334 | Lair:2   | Received a gift from Okawaru
 10472 | Lair:2   | Found a staircase to the Snake Pit.
 10485 | Lair:2   | Reached skill level 10 in Axes
 10487 | Lair:2   | Reached skill level 5 in Invocations
 11334 | Lair:3   | Reached skill level 10 in Shields
 12241 | Lair:4   | Reached XP level 12. HP: 73/73 MP: 16/16
 12246 | Lair:4   | Received a gift from Okawaru
 12363 | Lair:4   | Reached skill level 5 in Evocations
 12554 | Lair:4   | Noticed an eight-headed hydra
 12557 | Lair:4   | Noticed a death yak
 12560 | Lair:4   | Noticed a death yak
 12563 | Lair:4   | Noticed a death yak
 12584 | Lair:4   | Slain by a four-headed hydra

Illustrated notes

Levels and vault maps discovered:
D:1:      wander_arrival_abandoned_jail, layout_loops_ring, serial_shops,
          shop_statue, minmay_indecisive_spiral
D:2:      layout_rooms
D:3:      layout_loops_ring, gup_sewer_entry_bubbles, serial_shops,
          nicolae_shop_waterfront, uniq_robin
D:4:      layout_cave_pools, minmay_misc_feat_square, minmay_misc_feat_cross
D:5:      layout_basic, mainiacjoe_overflow_small_starburst, serial_shops,
          shop_fountains, minmay_checkerbox, uniq_blork_the_orc, uniq_pikel,
          uniq_eustachio
D:6:      layout_basic
D:7:      layout_basic, minmay_temple_entry_trees, kennysheep_generic_room_16
D:8:      layout_loops_ring, dpeg_oklobed_lair, serial_shops,
          nicolae_shop_trees, kb_lookout_dungeons_type,
          nicolae_looking_at_the_future
Lair:1:   layout_small_grid
Lair:2:   layout_roguey, minmay_snake_entry_guardpost_large,
          nzn_masters_of_martial_movement, grunt_megastairs_2
Lair:3:   layout_loops_ring, lemuel_old_faithful
Lair:4:   layout_loops_ring, minmay_shoals_entry_hut, minmay_lair_oklob_chamber

Skill      XL: |  1  2  3  4  5  6  7  8  9 10 11 12 |
---------------+-------------------------------------+-----
Axes           | 2 3 5 6 8 9 10 | 10.6
Armour         | 4 5 6 7 8 |  8.2
Shields        | 4 5 7 8 9 10 | 10.5
Dodging        | 1 2 3 |  3.1
Fighting       | 4 5 6 7 8 |  8.2
Invocations    | 3 5 6 |  6.1
Evocations     | 2 4 5 |  5.0

Action                   |  1- 3 |  4- 6 |  7- 9 | 10-12 || total
-------------------------+-------+-------+-------+-------++-------
Melee: War axe           |   129 |   167 |   214 |   437 ||   947
Invok: Heroism           |       |       |       |     1 ||     1
  Use: Scroll            |     4 |     9 |     3 |     5 ||    21
       Potion            |     2 |     2 |       |     2 ||     6
Armor: Scale mail        |    77 |   120 |   108 |       ||   305
       Chain mail        |       |       |       |    85 ||    85
       Plate armour      |       |       |       |   138 ||   138
Dodge: Dodged            |    44 |    69 |    63 |   100 ||   276
Block: Kite shield       |    95 |   135 |   232 |   460 ||   922
       Reflection        |       |       |     4 |    10 ||    14
